[Event "7th Paul Keres Memorial Festival 2026 Classic A"]
[Site "ESTONIA Resort Hotel & Spa conference center, EE"]
[Date "2026.07.27"]
[Round "1"]
[White "Viskelis, Darius"]
[Black "Lagarde, Maxime"]
[Result "0-1"]
[Board "1"]
[TimeControl "5400+30"]
[WhiteFideId "12800830"]
[BlackFideId "662399"]
[WhiteElo "2114"]
[BlackElo "2622"]
[WhiteTitle "FM"]
[BlackTitle "GM"]
[WhiteClock "0:20:10"]
[BlackClock "0:55:13"]
[Variant "Standard"]
[EndDate "2026.07.27"]
[EndTime "15:46:07"]

1. e4 g6 2. d4 Bg7 3. Nf3 d6 4. Nc3 a6 5. a4 Nf6 6. Bg5 h6 7. Be3 Ng4 8. Bf4 Nc6 9. h3 e5 10. dxe5 Ngxe5 11. Nxe5 Nxe5 12. Qd2 Be6 13. Nd5 c6 14. Ne3 d5 15. exd5 cxd5 16. Qb4 Qe7 17. Qxe7+ Kxe7 18. O-O-O Rhd8 19. c3 Nc6 20. Bc7 Rd7 21. Bb6 d4 22. Bc5+ Ke8 23. Nc4 dxc3 24. bxc3 Rxd1+ 25. Kxd1 Bxc3 26. Kc2 Bb4 27. Bb6 Rc8 28. Kb2 Nb8 29. Ba7 Nd7 30. Nb6 Bc3+ 31. Ka3 Nxb6 32. Bxb6 Be5 33. a5 Rc2 0-1

[Event "7th Paul Keres Memorial Festival 2026 Classic A"]
[Site "ESTONIA Resort Hotel & Spa conference center, EE"]
[Date "2026.07.27"]
[Round "1"]
[White "Kazakouski, Valery"]
[Black "Maddens, Martijn"]
[Result "1-0"]
[Board "2"]
[TimeControl "5400+30"]
[WhiteFideId "13507443"]
[BlackFideId "206962"]
[WhiteElo "2594"]
[BlackElo "2095"]
[WhiteTitle "GM"]
[BlackTitle "CM"]
[WhiteClock "0:56:30"]
[BlackClock "0:00:44"]
[Variant "Standard"]
[EndDate "2026.07.27"]
[EndTime "16:06:25"]

1. d4 d5 2. c4 e6 3. Nc3 a6 4. cxd5 exd5 5. Bf4 Nf6 6. e3 Bd6 7. Bg3 O-O 8. Bd3 Bxg3 9. hxg3 h6 10. Nge2 Nc6 11. f3 Re8 12. Qd2 Qe7 13. Kf2 Nb4 14. Bb1 c5 15. Nf4 Be6 16. dxc5 Qxc5 17. Nce2 Nc6 18. Rc1 Qb6 19. Rd1 Rac8 20. Nd4 Nxd4 21. Qxd4 Qxd4 22. Rxd4 Rc4 23. Rd2 Rec8 24. Ne2 Kf8 25. Bd3 R4c7 26. Rad1 Ke7 27. Nc3 Rd8 28. Bc2 h5 29. e4 d4 30. a3 dxc3 31. Rxd8 cxb2 32. R8d2 Nd7 33. Bb1 Rc1 34. Re1 Nc5 35. Rxb2 Rc3 36. Re3 1-0

[Event "7th Paul Keres Memorial Festival 2026 Classic A"]
[Site "ESTONIA Resort Hotel & Spa conference center, EE"]
[Date "2026.07.27"]
[Round "1"]
[White "Jakubowska, Anna"]
[Black "Zeng, Chongsheng"]
[Result "0-1"]
[Board "3"]
[TimeControl "5400+30"]
[WhiteFideId "1121952"]
[BlackFideId "8603847"]
[WhiteElo "2088"]
[BlackElo "2565"]
[WhiteTitle "WIM"]
[BlackTitle "GM"]
[WhiteClock "0:06:55"]
[BlackClock "0:09:04"]
[Variant "Standard"]
[EndDate "2026.07.27"]
[EndTime "16:46:40"]

1. e4 c5 2. d3 Nc6 3. g3 g6 4. Bg2 Bg7 5. Nc3 d6 6. Nh3 Rb8 7. O-O b5 8. f4 Nd4 9. Nd5 e6 10. Ne3 b4 11. Bd2 Nb5 12. Rb1 Ne7 13. f5 exf5 14. exf5 Nxf5 15. Bc6+ Kf8 16. Nxf5 Bxf5 17. Ng5 Qc8 18. Bd5 Nc7 19. Bxf7 Bd4+ 20. Kh1 Kg7 21. Bb3 Rf8 22. Qf3 Qd7 23. Bf4 h6 24. Ne4 Bg4 25. Qg2 Bh3 26. Qd2 g5 27. c3 bxc3 28. bxc3 Bxf1 29. Bxd6 Rf3 30. cxd4 Bxd3 31. Be5+ Kg6 32. Re1 Qf5 33. Nd6 Rf1+ 34. Kg2 Qf3+ 35. Kh3 Rxb3 36. axb3 Rxe1 0-1

[Event "7th Paul Keres Memorial Festival 2026 Classic A"]
[Site "ESTONIA Resort Hotel & Spa conference center, EE"]
[Date "2026.07.27"]
[Round "1"]
[White "Harikrishnan.A.Ra"]
[Black "Troselj, Ivan"]
[Result "1/2-1/2"]
[Board "4"]
[TimeControl "5400+30"]
[WhiteFideId "5081483"]
[BlackFideId "14538377"]
[WhiteElo "2519"]
[BlackElo "2082"]
[WhiteTitle "GM"]
[WhiteClock "0:00:44"]
[BlackClock "0:13:54"]
[Variant "Standard"]
[EndDate "2026.07.27"]
[EndTime "17:07:43"]

1. Nf3 Nf6 2. g3 d5 3. Bg2 e6 4. O-O Be7 5. c4 O-O 6. d4 dxc4 7. Qc2 a6 8. a4 Bd7 9. Qxc4 Bc6 10. Bg5 Bd5 11. Qc2 Be4 12. Qc1 Nc6 13. Nbd2 Bxf3 14. Nxf3 a5 15. e3 Nb4 16. Rd1 c6 17. h4 Nfd5 18. e4 Bxg5 19. hxg5 Nb6 20. Qf4 Qe7 21. b3 Rfd8 22. Rac1 Nd7 23. Bh3 Nf8 24. Ne5 Ng6 25. Nxg6 hxg6 26. Kg2 e5 27. Qxe5 Qxe5 28. dxe5 Nd3 29. Rb1 Nxe5 30. f4 Nd3 31. Kf3 Nc5 32. e5 Rxd1 33. Rxd1 Nxb3 34. e6 Re8 35. Rd7 fxe6 36. Rxb7 Nd4+ 37. Ke4 Nf5 38. Ra7 Nxg3+ 39. Ke5 Nf5 40. Rxa5 Re7 41. Rc5 Kf7 42. a5 Rd7 43. a6 Ke7 44. Bxf5 gxf5 45. Ra5 Ra7 46. Kd4 Kd6 47. g6 c5+ 48. Kc4 e5 49. fxe5+ Kxe5 50. Rxc5+ Kd6 51. Ra5 Kc6 52. Ra1 f4 53. Kd4 Kd6 54. Ra4 f3 55. Ra1 f2 56. Ke3 f1=Q 57. Ke4 1/2-1/2

[Event "7th Paul Keres Memorial Festival 2026 Classic A"]
[Site "ESTONIA Resort Hotel & Spa conference center, EE"]
[Date "2026.07.27"]
[Round "1"]
[White "Dijokas, Jokubas"]
[Black "Laurusas, Tomas"]
[Result "0-1"]
[Board "5"]
[TimeControl "5400+30"]
[WhiteFideId "12840653"]
[BlackFideId "12803731"]
[WhiteElo "2077"]
[BlackElo "2511"]
[BlackTitle "GM"]
[WhiteClock "0:02:28"]
[BlackClock "0:04:56"]
[Variant "Standard"]
[EndDate "2026.07.27"]
[EndTime "17:36:21"]

1. d4 Nf6 2. c4 e6 3. Nf3 b6 4. g3 Bb7 5. Bg2 Bb4+ 6. Bd2 c5 7. O-O O-O 8. Bxb4 cxb4 9. Nbd2 d6 10. Ne1 Bxg2 11. Kxg2 a5 12. Nd3 Re8 13. e3 e5 14. b3 Nc6 15. d5 Nb8 16. e4 Na6 17. Qe2 Nd7 18. f4 exf4 19. Rxf4 Nac5 20. Raf1 Ra7 21. Nxc5 Nxc5 22. Qh5 Re5 23. Qh3 h6 24. Nf3 Rxe4 25. Rxe4 Nxe4 26. Nd4 Ng5 27. Qg4 Qe8 28. Nf5 Qe4+ 29. Qxe4 Nxe4 30. Re1 Nc3 31. Re8+ Kh7 32. Nxd6 Nxa2 33. Nc8 Rb7 34. d6 a4 35. bxa4 b3 36. Re2 Rd7 37. Rb2 Rd8 38. Nxb6 Rxd6 39. Rxb3 Nc1 40. Rb5 Rd2+ 41. Kf3 Rxh2 42. a5 Ne2 43. Ke3 Nxg3 44. Na4 Ra2 45. Nc3 Ra3 46. Kd4 h5 47. c5 Nf5+ 48. Ke5 Kg6 49. Nb1 Re3+ 50. Kf4 Re8 51. Nd2 Nd4 52. Rb6+ f6 53. Ne4 h4 54. Rb4 Ne6+ 55. Kf3 Ra8 56. Ra4 f5 57. Nd6 Nxc5 58. Rxh4 Rxa5 59. Nc4 Ra1 60. Ne3 Ra3 61. Rc4 Ne6 62. Rc6 Kf6 63. Kf2 Ra2+ 64. Kf3 Ra3 65. Kf2 f4 66. Nc2 Ra2 67. Kf1 Kf5 68. Nb4 Rd2 69. Rc3 Ke4 70. Nc2 g5 71. Ke1 Rh2 72. Kf1 Rh1+ 73. Kf2 Rc1 74. Rc6 Ke5 75. Kg2 g4 76. Kf2 Rh1 77. Kg2 Rd1 0-1

[Event "7th Paul Keres Memorial Festival 2026 Classic A"]
[Site "ESTONIA Resort Hotel & Spa conference center, EE"]
[Date "2026.07.27"]
[Round "1"]
[White "Juodziukynas, Aidas"]
[Black "Jakubowski, Krzysztof"]
[Result "0-1"]
[Board "7"]
[TimeControl "5400+30"]
[WhiteFideId "1562398"]
[BlackFideId "1112848"]
[WhiteElo "2064"]
[BlackElo "2424"]
[BlackTitle "GM"]
[WhiteClock "0:03:20"]
[BlackClock "0:08:00"]
[Variant "Standard"]
[EndDate "2026.07.27"]
[EndTime "16:49:05"]

1. d4 Nf6 2. c4 e6 3. Nf3 b6 4. a3 Bb7 5. Nc3 d5 6. cxd5 Nxd5 7. Qc2 Be7 8. e4 Nxc3 9. bxc3 O-O 10. Bd3 c5 11. O-O Qc7 12. Qe2 Nd7 13. a4 Rfd8 14. d5 exd5 15. exd5 Bf6 16. Bg5 Bxd5 17. Rad1 Bxf3 18. Qxf3 Bxg5 19. Qf5 Ne5 20. Qxh7+ Kf8 21. Rfe1 Bf6 22. f4 Ng6 23. h4 c4 24. h5 cxd3 25. hxg6 fxg6 26. Qxg6 Qxc3 27. Qh7 Qd4+ 28. Kh1 d2 29. Re4 Qd5 30. Re3 Kf7 31. Rh3 Rh8 32. Qxh8 Rxh8 33. Rxh8 Qd3 0-1

[Event "7th Paul Keres Memorial Festival 2026 Classic A"]
[Site "ESTONIA Resort Hotel & Spa conference center, EE"]
[Date "2026.07.27"]
[Round "1"]
[White "Ostensen, Nicolai Maxime"]
[Black "Krustkalns, Kristaps"]
[Result "1-0"]
[Board "8"]
[TimeControl "5400+30"]
[WhiteFideId "1546970"]
[BlackFideId "11602686"]
[WhiteElo "2407"]
[BlackElo "2062"]
[WhiteTitle "FM"]
[BlackTitle "FM"]
[WhiteClock "1:00:20"]
[BlackClock "0:21:54"]
[Variant "Standard"]
[EndDate "2026.07.27"]
[EndTime "15:42:45"]

1. e4 e5 2. Nf3 Nc6 3. Bb5 a6 4. Ba4 Nf6 5. d3 d6 6. c3 g6 7. O-O Bg7 8. Re1 O-O 9. Nbd2 b5 10. Bc2 d5 11. a4 Rb8 12. axb5 axb5 13. h3 h6 14. Nf1 Nh5 15. Bb3 dxe4 16. dxe4 Qf6 17. Ne3 Ne7 18. Ng4 Bxg4 19. hxg4 Rfd8 20. Qc2 Nf4 21. Be3 Qc6 22. Red1 Rd7 23. g3 Ne6 24. Rxd7 Qxd7 25. Ra6 Qc8 26. Ra7 Nc6 27. Ra1 Nf4 28. Nh2 Ne6 29. Qd2 Kh7 30. Nf3 Ned8 31. Kg2 Qxg4 32. Bxh6 Bxh6 33. Rh1 g5 34. Nxg5+ Kg7 35. Rxh6 f6 36. Nf3 Nf7 37. Bxf7 Kxf7 38. Rh7+ Kg8 39. Rxc7 1-0

[Event "7th Paul Keres Memorial Festival 2026 Classic A"]
[Site "ESTONIA Resort Hotel & Spa conference center, EE"]
[Date "2026.07.27"]
[Round "1"]
[White "Ostlund, Anders"]
[Black "Grave, Jacob Templen"]
[Result "0-1"]
[Board "9"]
[TimeControl "5400+30"]
[WhiteFideId "1706160"]
[BlackFideId "1542656"]
[WhiteElo "2044"]
[BlackElo "2392"]
[BlackTitle "FM"]
[WhiteClock "0:12:35"]
[BlackClock "0:09:40"]
[Variant "Standard"]
[EndDate "2026.07.27"]
[EndTime "16:41:37"]

1. e4 e5 2. Bc4 Nf6 3. Nc3 Bc5 4. Nf3 Nc6 5. d3 h6 6. a3 a6 7. Nd5 d6 8. Be3 Nxd5 9. Bxd5 Ne7 10. Ba2 Ng6 11. d4 exd4 12. Bxd4 Bxd4 13. Qxd4 O-O 14. O-O-O Bg4 15. Rde1 Bxf3 16. gxf3 Qg5+ 17. Kb1 Qe5 18. Qe3 Nf4 19. Rhg1 g5 20. h4 Kg7 21. hxg5 hxg5 22. Rg4 Kf6 23. Reg1 Rg8 24. Rh1 Rh8 25. Rhg1 b5 26. b4 Rh5 27. Qb3 Rf8 28. c4 Ne2 29. Re1 Nc3+ 30. Kc2 Rh2 31. Rf1 Ne2 32. Kd1 Nf4 33. Kc2 c5 34. bxc5 dxc5 35. Qe3 Rd8 36. Qc3 Qxc3+ 37. Kxc3 Rd3+ 0-1

[Event "7th Paul Keres Memorial Festival 2026 Classic A"]
[Site "ESTONIA Resort Hotel & Spa conference center, EE"]
[Date "2026.07.27"]
[Round "1"]
[White "Kirk, Ezra"]
[Black "Milius, Ignas"]
[Result "1-0"]
[Board "10"]
[TimeControl "5400+30"]
[WhiteFideId "600067"]
[BlackFideId "12826618"]
[WhiteElo "2378"]
[BlackElo "2027"]
[WhiteTitle "IM"]
[WhiteClock "0:01:38"]
[BlackClock "0:01:09"]
[Variant "Standard"]
[EndDate "2026.07.27"]
[EndTime "17:04:10"]

1. e4 c5 2. Nf3 d6 3. Bb5+ Bd7 4. c4 Bxb5 5. cxb5 Nf6 6. Nc3 g6 7. d4 cxd4 8. Nxd4 Bg7 9. O-O O-O 10. Be3 Nbd7 11. Nb3 Rc8 12. a4 a5 13. f4 Rc4 14. Nd2 Rb4 15. Rb1 Nc5 16. Bxc5 dxc5 17. Qe2 Ng4 18. e5 Qd4+ 19. Kh1 Ne3 20. Rf3 Nd5 21. Nde4 Nxc3 22. Nxc3 Qc4 23. Qd1 Qd4 24. Qe1 f6 25. b3 c4 26. Rd1 Qc5 27. exf6 Bxf6 28. Ne4 Qc7 29. bxc4 Rxc4 30. f5 g5 31. Re3 Qf4 32. Nxf6+ Rxf6 33. Rxe7 Qxf5 34. Rd8+ Rf8 35. Ree8 Rxe8 36. Qxe8+ Kg7 37. Qe7+ Kh6 38. Rd6+ Kh5 39. Qe8+ Kh4 40. Rh6+ Kg4 41. Qe2+ 1-0

[Event "7th Paul Keres Memorial Festival 2026 Classic A"]
[Site "ESTONIA Resort Hotel & Spa conference center, EE"]
[Date "2026.07.28"]
[Round "2"]
[White "Lagarde, Maxime"]
[Black "Platonovs, Nikolajs"]
[Result "1-0"]
[Board "1"]
[TimeControl "5400+30"]
[WhiteFideId "662399"]
[BlackFideId "11622598"]
[WhiteElo "2622"]
[BlackElo "2240"]
[WhiteTitle "GM"]
[BlackTitle "CM"]
[WhiteClock "0:25:28"]
[BlackClock "0:40:56"]
[Variant "Standard"]
[EndDate "2026.07.28"]
[EndTime "09:33:24"]

1. e4 c5 2. Nf3 d6 3. Bb5+ Nd7 4. Ba4 Ngf6 5. O-O e6 6. d3 Be7 7. c4 O-O 8. Nc3 a6 9. Qe2 Qc7 10. h3 Rb8 11. Nh2 d5 12. Bxd7 Qxd7 13. Bf4 Ra8 14. exd5 exd5 15. Ng4 dxc4 16. Rfe1 Nxg4 17. Qxe7 Qd4 18. Ne4 Nxf2 19. Be3 Nxh3+ 20. gxh3 Qxb2 21. Rab1 Qc2 22. Nf6+ 1-0

[Event "7th Paul Keres Memorial Festival 2026 Classic A"]
[Site "ESTONIA Resort Hotel & Spa conference center, EE"]
[Date "2026.07.28"]
[Round "2"]
[White "Kubicka, Anna"]
[Black "Kazakouski, Valery"]
[Result "0-1"]
[Board "2"]
[TimeControl "5400+30"]
[WhiteFideId "1152254"]
[BlackFideId "13507443"]
[WhiteElo "2236"]
[BlackElo "2594"]
[WhiteTitle "WIM"]
[BlackTitle "GM"]
[WhiteClock "0:00:45"]
[BlackClock "0:23:27"]
[Variant "Standard"]
[EndDate "2026.07.28"]
[EndTime "10:24:44"]

1. e4 c5 2. Nf3 d6 3. Bb5+ Nd7 4. O-O a6 5. Bxd7+ Bxd7 6. c3 Nf6 7. Re1 e6 8. d4 cxd4 9. cxd4 d5 10. e5 Ne4 11. Re3 Be7 12. Nc3 Bc6 13. Nd2 Nxc3 14. Rxc3 O-O 15. Rh3 Be8 16. Qh5 h6 17. Qg4 f5 18. exf6 Rxf6 19. Nf3 Rg6 20. Qf4 Rc8 21. Ne5 Bd6 22. Bd2 Rc2 23. Rb3 b5 24. Rc1 Bxe5 25. dxe5 Rc4 26. Rxc4 dxc4 27. Rg3 b4 28. Rxg6 Bxg6 29. h3 a5 30. Kh2 Qd3 31. Qe3 Qb1 32. Qb6 0-1

[Event "7th Paul Keres Memorial Festival 2026 Classic A"]
[Site "ESTONIA Resort Hotel & Spa conference center, EE"]
[Date "2026.07.28"]
[Round "2"]
[White "Zeng, Chongsheng"]
[Black "Meessen, Rudolf"]
[Result "1-0"]
[Board "3"]
[TimeControl "5400+30"]
[WhiteFideId "8603847"]
[BlackFideId "202029"]
[WhiteElo "2565"]
[BlackElo "2226"]
[WhiteTitle "GM"]
[BlackTitle "FM"]
[WhiteClock "0:29:06"]
[BlackClock "0:00:37"]
[Variant "Standard"]
[EndDate "2026.07.28"]
[EndTime "10:25:21"]

1. Nf3 d6 2. d4 Nf6 3. c4 g6 4. Nc3 Bg7 5. e4 Bg4 6. Be2 Bxf3 7. Bxf3 e5 8. d5 h5 9. b3 Nbd7 10. h4 a5 11. Rb1 Bh6 12. Bb2 O-O 13. g3 Qe7 14. a3 c5 15. dxc6 bxc6 16. O-O Rab8 17. Na4 Nc5 18. Nxc5 dxc5 19. Bc3 Rfd8 20. Qc2 Ra8 21. Rfd1 Nd7 22. Bg2 g5 23. hxg5 Bxg5 24. Qe2 Nf6 25. Rxd8+ Rxd8 26. Bxa5 Ra8 27. b4 Kg7 28. Qf3 cxb4 29. Qf5 Rxa5 30. Qxg5+ Kf8 31. Rxb4 Qd6 32. Qh6+ Kg8 33. Rb1 c5 34. Qg5+ Kf8 35. Bf3 Rxa3 36. Rd1 Nxe4 37. Qxh5 Nd2 38. Bd5 1-0

[Event "7th Paul Keres Memorial Festival 2026 Classic A"]
[Site "ESTONIA Resort Hotel & Spa conference center, EE"]
[Date "2026.07.28"]
[Round "2"]
[White "Laurusas, Tomas"]
[Black "De Seroux, Camille"]
[Result "1-0"]
[Board "4"]
[TimeControl "5400+30"]
[WhiteFideId "12803731"]
[BlackFideId "1305620"]
[WhiteElo "2511"]
[BlackElo "2170"]
[WhiteTitle "GM"]
[BlackTitle "WIM"]
[WhiteClock "0:26:57"]
[BlackClock "0:02:30"]
[Variant "Standard"]
[EndDate "2026.07.28"]
[EndTime "10:20:08"]

1. d4 Nf6 2. c4 e6 3. Nf3 Bb4+ 4. Nbd2 c5 5. a3 Bxd2+ 6. Qxd2 b6 7. e3 Bb7 8. Be2 O-O 9. b3 Ne4 10. Qc2 f5 11. Bb2 d6 12. Rd1 Nd7 13. O-O Ng5 14. Ne1 f4 15. exf4 Rxf4 16. f3 Qe7 17. dxc5 dxc5 18. Qd2 Rf7 19. h4 Nh3+ 20. gxh3 Qxh4 21. Kh2 Nf6 22. Ng2 Qh5 23. Qe3 Raf8 24. Qe5 Qh6 25. Bc1 Qg6 26. Bd3 Qh5 27. Qxh5 Nxh5 28. f4 Bxg2 29. Kxg2 Nxf4+ 30. Rxf4 Rxf4 31. Bxf4 Rxf4 32. Be2 1-0

[Event "7th Paul Keres Memorial Festival 2026 Classic A"]
[Site "ESTONIA Resort Hotel & Spa conference center, EE"]
[Date "2026.07.28"]
[Round "2"]
[White "Zhao, Yunqing"]
[Black "Keinanen, Toivo"]
[Result "0-1"]
[Board "5"]
[TimeControl "5400+30"]
[WhiteFideId "8626260"]
[BlackFideId "509825"]
[WhiteElo "2169"]
[BlackElo "2495"]
[WhiteTitle "WIM"]
[BlackTitle "IM"]
[WhiteClock "0:00:33"]
[BlackClock "0:18:09"]
[Variant "Standard"]
[EndDate "2026.07.28"]
[EndTime "10:41:22"]

1. Nf3 d5 2. d4 Nf6 3. c4 e6 4. Nc3 Be7 5. Bf4 dxc4 6. Qa4+ c6 7. Qxc4 b5 8. Qb3 O-O 9. h3 Nbd7 10. e3 a6 11. Rd1 Qb6 12. a4 Bb7 13. Be2 b4 14. Nb1 c5 15. Nbd2 Bd5 16. Qd3 Rfc8 17. Nc4 Qa7 18. Qb1 Nb6 19. Nxb6 Qxb6 20. dxc5 Bxc5 21. Qa1 Qa5 22. O-O b3 23. Ne1 Be7 24. Bd3 Ne4 25. Bxe4 Bxe4 26. Bd6 Bf6 27. Nf3 Bxf3 28. gxf3 Rc2 29. Qa3 Rxb2 30. Rd3 Qb6 31. Bc5 Qc6 32. Bd4 Bxd4 33. exd4 Qc2 34. Re3 h6 35. Qb4 Rd8 36. Qb6 Rd5 37. f4 Qf5 38. Qb8+ Kh7 39. Rd1 Rb1 40. Rxb1 Qxb1+ 41. Kg2 b2 42. Rb3 Qg6+ 43. Kh2 Rxd4 0-1

[Event "7th Paul Keres Memorial Festival 2026 Classic A"]
[Site "ESTONIA Resort Hotel & Spa conference center, EE"]
[Date "2026.07.28"]
[Round "2"]
[White "Jakubowski, Krzysztof"]
[Black "Bleys, Michiel"]
[Result "0-1"]
[Board "6"]
[TimeControl "5400+30"]
[WhiteFideId "1112848"]
[BlackFideId "240702"]
[WhiteElo "2424"]
[BlackElo "2159"]
[WhiteTitle "GM"]
[WhiteClock "0:07:57"]
[BlackClock "0:03:03"]
[Variant "Standard"]
[EndDate "2026.07.28"]
[EndTime "10:55:00"]

1. e4 c5 2. Nf3 Nc6 3. d4 cxd4 4. Nxd4 Qb6 5. Nb3 Nf6 6. Nc3 e6 7. a3 Be7 8. Be3 Qc7 9. f4 d6 10. g4 a6 11. g5 Nd7 12. Qf3 b5 13. h4 Bb7 14. Qf2 Rc8 15. Bh3 b4 16. axb4 Nxb4 17. O-O O-O 18. f5 exf5 19. Ra4 d5 20. exf5 Bd6 21. f6 g6 22. Nd4 Rce8 23. Bf4 Ne5 24. Rd1 Qb6 25. Ne6 Nf3+ 26. Kf1 d4 27. Nxf8 Bxf4 28. Nd7 Qd6 29. Bg2 Nh2+ 30. Kg1 Be3 31. Qxe3 Rxe3 32. Bxb7 Qg3+ 33. Kh1 Ng4 0-1

[Event "7th Paul Keres Memorial Festival 2026 Classic A"]
[Site "ESTONIA Resort Hotel & Spa conference center, EE"]
[Date "2026.07.28"]
[Round "2"]
[White "Praczukowski, Stanislaw"]
[Black "Ostensen, Nicolai Maxime"]
[Result "0-1"]
[Board "7"]
[TimeControl "5400+30"]
[WhiteFideId "1182730"]
[BlackFideId "1546970"]
[WhiteElo "2159"]
[BlackElo "2407"]
[BlackTitle "FM"]
[WhiteClock "0:15:05"]
[BlackClock "0:07:06"]
[Variant "Standard"]
[EndDate "2026.07.28"]
[EndTime "10:32:03"]

1. e4 c5 2. Nf3 Nc6 3. d4 cxd4 4. Nxd4 e5 5. Nb5 d6 6. N1c3 a6 7. Na3 Be7 8. Nc4 b5 9. Ne3 Nf6 10. Bd3 O-O 11. O-O Nb4 12. Be2 Be6 13. a3 Nc6 14. Bd3 Nd7 15. a4 b4 16. Ncd5 Nc5 17. Re1 Bg5 18. c3 Rb8 19. Bc2 g6 20. Bd2 b3 21. Bb1 f5 22. exf5 gxf5 23. Nf1 Kh8 24. Ng3 Bxd2 25. Qxd2 Na5 26. Nb4 Nc4 27. Qe2 Qg5 28. Nd3 e4 29. Nxc5 dxc5 30. f3 Rbd8 31. Nf1 Ne5 32. Kh1 Bc4 33. Qf2 Bxf1 34. Qxf1 Qh5 0-1

[Event "7th Paul Keres Memorial Festival 2026 Classic A"]
[Site "ESTONIA Resort Hotel & Spa conference center, EE"]
[Date "2026.07.28"]
[Round "2"]
[White "Grave, Jacob Templen"]
[Black "Juknis, Paulius"]
[Result "1-0"]
[Board "8"]
[TimeControl "5400+30"]
[WhiteFideId "1542656"]
[BlackFideId "12802247"]
[WhiteElo "2392"]
[BlackElo "2157"]
[WhiteTitle "FM"]
[BlackTitle "CM"]
[WhiteClock "0:19:12"]
[BlackClock "0:11:36"]
[Variant "Standard"]
[EndDate "2026.07.28"]
[EndTime "10:17:54"]

1. e4 c5 2. Nf3 Nc6 3. Bb5 Nf6 4. Bxc6 dxc6 5. d3 g6 6. h3 Bg7 7. Nc3 Nd7 8. Be3 e5 9. Qd2 h6 10. O-O b6 11. Nh2 Nf8 12. f4 exf4 13. Bxf4 Ne6 14. Be3 Nd4 15. Rae1 Be6 16. e5 Qc7 17. Ne4 Bxe5 18. Ng4 Nf5 19. Nef6+ Ke7 20. Nxe5 Qxe5 21. Ng4 Qxb2 22. Bf4 Qxa2 23. Be5 Rhg8 24. Nf6 Qa6 25. g4 Nd4 26. Nxg8+ Rxg8 27. Bxd4 cxd4 28. Qf4 1-0

[Event "7th Paul Keres Memorial Festival 2026 Classic A"]
[Site "ESTONIA Resort Hotel & Spa conference center, EE"]
[Date "2026.07.28"]
[Round "2"]
[White "Kavalnis, Rytis"]
[Black "Kirk, Ezra"]
[Result "0-1"]
[Board "9"]
[TimeControl "5400+30"]
[WhiteFideId "12841870"]
[BlackFideId "600067"]
[WhiteElo "2148"]
[BlackElo "2378"]
[BlackTitle "IM"]
[WhiteClock "0:01:26"]
[BlackClock "0:01:28"]
[Variant "Standard"]
[EndDate "2026.07.28"]
[EndTime "11:16:00"]

1. e4 e6 2. d4 d5 3. Nc3 Bb4 4. e5 c5 5. a3 Bxc3+ 6. bxc3 Nc6 7. Qg4 g6 8. Nf3 Qa5 9. Bd2 c4 10. h4 h6 11. Be2 Bd7 12. Qf4 Rh7 13. Nh2 O-O-O 14. Ng4 Rf8 15. Nf6 Nxf6 16. Qxf6 Qd8 17. Qxd8+ Kxd8 18. Be3 Kc8 19. Kd2 f5 20. exf6 Rxf6 21. f4 Ne7 22. g4 h5 23. gxh5 gxh5 24. Rag1 Be8 25. Rg5 Nf5 26. Bf3 b6 27. Bf2 Nd6 28. Be3 Bg6 29. Rhg1 Bf5 30. Kc1 Kb7 31. Rg7+ Rf7 32. Rxh7 Rxh7 33. Rg5 Bg4 34. Bxg4 hxg4 35. Rxg4 Nf5 36. Bf2 Kc6 37. Rg1 Kd6 38. Kd1 Ke7 39. Ke2 Rh6 40. Rh1 Kf6 41. Kf3 Nd6 42. a4 b5 43. Ra1 bxa4 44. Rxa4 Rh7 45. Ra6 Ne4 46. Be1 Rg7 47. h5 Kf5 48. h6 Rh7 49. Ra3 Rxh6 50. Rxa7 Rh3+ 51. Kg2 Re3 52. Kf1 Kxf4 53. Rf7+ Kg4 54. Re7 Nxc3 55. Bxc3 Rxc3 56. Rxe6 Rxc2 57. Re5 Kf3 58. Ke1 c3 59. Kd1 Rd2+ 60. Kc1 Kf4 61. Rxd5 Ke3 62. Re5+ Kd3 63. Rh5 Rg2 64. Rh3+ 0-1

[Event "7th Paul Keres Memorial Festival 2026 Classic A"]
[Site "ESTONIA Resort Hotel & Spa conference center, EE"]
[Date "2026.07.28"]
[Round "2"]
[White "Fecker, Noah"]
[Black "Povilaitis, Tomas"]
[Result "1/2-1/2"]
[Board "10"]
[TimeControl "5400+30"]
[WhiteFideId "1334263"]
[BlackFideId "12811700"]
[WhiteElo "2371"]
[BlackElo "2150"]
[WhiteTitle "FM"]
[WhiteClock "0:01:09"]
[BlackClock "0:08:30"]
[Variant "Standard"]
[EndDate "2026.07.28"]
[EndTime "10:36:46"]

1. e4 c5 2. Nf3 Nc6 3. Bb5 d6 4. O-O Bd7 5. Re1 a6 6. Bf1 Bg4 7. c3 Nf6 8. d4 cxd4 9. cxd4 d5 10. e5 Ng8 11. e6 Bxe6 12. Rxe6 fxe6 13. g3 g6 14. Nc3 Bh6 15. Na4 Qd6 16. Nc5 e5 17. Nxb7 Qb4 18. Nc5 e4 19. a3 Qb6 20. Ng5 Bxg5 21. Bxg5 h6 22. Be3 Nf6 23. b4 Kf7 24. Rc1 h5 25. Bh3 a5 26. Na4 Qb7 27. Nc5 Qb6 28. Na4 Qb7 29. Nc5 Qb6 30. Na4 1/2-1/2

[Event "7th Paul Keres Memorial Festival 2026 Classic A"]
[Site "ESTONIA Resort Hotel & Spa conference center, EE"]
[Date "2026.07.28"]
[Round "3"]
[White "Kirk, Ezra"]
[Black "Lagarde, Maxime"]
[Result "1/2-1/2"]
[Board "1"]
[TimeControl "5400+30"]
[WhiteFideId "600067"]
[BlackFideId "662399"]
[WhiteElo "2378"]
[BlackElo "2622"]
[WhiteTitle "IM"]
[BlackTitle "GM"]
[WhiteClock "0:58:27"]
[BlackClock "1:05:31"]
[Variant "Standard"]
[EndDate "2026.07.28"]
[EndTime "14:31:48"]

1. e4 c5 2. Nf3 e6 3. c3 d5 4. exd5 Qxd5 5. d4 Nf6 6. Na3 Nc6 7. Be3 cxd4 8. Nb5 Qd7 9. Nbxd4 Be7 10. Bb5 Qc7 11. O-O O-O 12. Nxc6 bxc6 13. Bd3 e5 14. Qc2 h6 15. Rfe1 Bg4 16. Nd2 Nd5 17. Nc4 1/2-1/2

[Event "7th Paul Keres Memorial Festival 2026 Classic A"]
[Site "ESTONIA Resort Hotel & Spa conference center, EE"]
[Date "2026.07.28"]
[Round "3"]
[White "Kazakouski, Valery"]
[Black "Grave, Jacob Templen"]
[Result "1-0"]
[Board "2"]
[TimeControl "5400+30"]
[WhiteFideId "13507443"]
[BlackFideId "1542656"]
[WhiteElo "2594"]
[BlackElo "2392"]
[WhiteTitle "GM"]
[BlackTitle "FM"]
[WhiteClock "0:30:03"]
[BlackClock "0:00:32"]
[Variant "Standard"]
[EndDate "2026.07.28"]
[EndTime "16:31:21"]

1. d4 d5 2. c4 e6 3. Nc3 Nf6 4. Bg5 dxc4 5. e3 c5 6. Bxf6 Qxf6 7. d5 a6 8. Nf3 Nd7 9. dxe6 Qxe6 10. Qa4 Rb8 11. Bxc4 Qf6 12. Nd5 Qxb2 13. O-O b5 14. Bxb5 Rxb5 15. Qe4+ Kd8 16. Ng5 Ne5 17. Rab1 f5 18. Qf4 Qxb1 19. Qxe5 Rb7 20. Nf7+ Kd7 21. Nc3 Qd3 22. Rd1 Qxd1+ 23. Nxd1 Rg8 24. Qxf5+ Kc7 25. Qxh7 Be6 26. Qg6 Rb6 27. Nc3 Be7 28. h3 Bf6 29. Qg3+ Kb7 30. Nd6+ Ka7 31. Nde4 Rc6 32. Nxf6 gxf6 33. Qf3 Rgc8 34. h4 f5 35. Qf4 Rd8 36. Qe5 Rdd6 37. a4 Kb6 38. h5 Ka5 39. f3 Kb4 40. e4 fxe4 41. Nxe4 Rd5 42. Qb2+ Ka5 43. h6 Rd4 44. h7 Rc8 45. h8=Q Rd1+ 1-0